 Dungeon Crawl Stone Soup version 0.30.1 (webtiles) character file.

Game seed: 1408265099559667247

200 tizbic2 the Trooper (level 5, -4/57 HPs)
             Began as an Ogre Berserker on July 8, 2023.
             Was a Believer of Trog.
             Slain by a sleepcap (8 damage)
             ... on level 5 of the Dungeon.
             The game lasted 00:07:29 (2307 turns).

tizbic2 the Trooper (Ogre Berserker)                Turns: 2307, Time: 00:07:30

Health: -4/57      AC:  3    Str: 23    XL:     5   Next: 79%
Magic:  5/5        EV: 10    Int:  8    God:    Trog [**....]
Gold:   143        SH:  0    Dex:  8    Spells: 4/4 levels left

rFire   . . .        a - +3 mace
rCold   . . .        (no shield)
rNeg    . . .        b - +0 animal skin
rPois   .            (helmet restricted)
rElec   .            (no cloak)
rCorr   .            (gloves unavailable)
SInv    .            (boots unavailable)
Will    ++...        m - amulet of regeneration
Stlth   +            (no ring)
HPRegen 2.09/turn    (no ring)
MPRegen 0.09/turn

%: no passive effects
@: strong-willed, regenerating
A: large, unfitting armour, tough skin 1
a: Renounce Religion, Berserk, Trog's Hand


You were on level 5 of the Dungeon.
You worshipped Trog.
Trog was pleased with you.
You visited 1 branch of the dungeon, and saw 4 of its levels.

You collected 143 gold pieces.

Inventory:

Hand Weapons
 a - a +3 mace (weapon)
 w - a +2 whip of venom
Missiles
 f - 20 stones (quivered)
 g - a throwing net
 k - 7 poisoned darts
Armour
 b - a +0 animal skin (worn)
Jewellery
 m - an amulet of regeneration (around neck)
Wands
 n - a wand of roots (12)
Scrolls
 e - a scroll of butterflies
 i - a scroll of noise {unknown}
 l - a scroll of blinking {unknown}
Potions
 c - 2 potions of flight
 h - a potion of cancellation {unknown}
 j - a potion of mutation {unknown}
 o - a potion of brilliance {unknown}


   Skills:
 + Level 5.0 Fighting
 * Level 3.9 Maces & Flails
 * Level 2.6 Throwing
 + Level 3.4 Dodging


You had 4 spell levels left.
You didn't know any spells.
Your spell library was empty.

Dungeon Overview and Level Annotations

Branches:
Dungeon (3/15)

Altars:


Innate Abilities, Weirdness & Mutations

You are too large for most types of armour.
You have tough skin. (AC +1)


Message History

The sleepcap misses you. The sleepcap releases spores at you.
* * * LOW HITPOINT WARNING * * *
The centaur hits you but does no damage.
The centaur kicks you.
* * * LOW HITPOINT WARNING * * *
You hit the centaur but do no damage.
The centaur is lightly wounded.
The centaur hits you.
* * * LOW HITPOINT WARNING * * *
The centaur closely misses you. The sleepcap releases spores at you.
* * * LOW HITPOINT WARNING * * *
The centaur hits you but does no damage.
The centaur closely misses you.
You feel less invigorated.
You feel less confused. The centaur barely misses you. x2
You thump the centaur!
The centaur is heavily wounded.
The centaur hits you.
* * * LOW HITPOINT WARNING * * *
The centaur kicks you.
* * * LOW HITPOINT WARNING * * *
The sleepcap barely misses you. The centaur misses you.
The centaur barely misses you.
You barely miss the centaur.
The centaur is severely wounded.
The centaur hits you but does no damage.
The centaur kicks you.
* * * LOW HITPOINT WARNING * * *
The sleepcap releases spores at you.
* * * LOW HITPOINT WARNING * * *
The centaur barely misses you. The centaur misses you.
The sleepcap closely misses you.
Your skin crawls.
You feel strong-willed. The centaur hits you.
* * * LOW HITPOINT WARNING * * *
The centaur barely misses you. The sleepcap releases spores at you!
You die...

...+ ....#
######....#
#...##....#
#..@##....##...##
# #....#.....#.
##+###....#......
#.?..#.....####
#....#.....#...
#....#.....'...


You could see a sleepcap and a centaur (poisoned).

Vanquished Creatures
  Natasha (twice) (D:3)
  A scorpion zombie (D:3)
  A hound skeleton (D:3)
  3 gnolls (D:2)
  3 adders (D:2)
  An adder zombie (D:3)
  A worm (D:2)
  3 dart slugs
  3 bats
  4 endoplasms
  A giant cockroach (D:3)
  A goblin (D:3)
  3 hobgoblins
  6 jackals
  A quokka (D:1)
  4 ball pythons
  6 frilled lizards
  6 kobolds
  A rat (D:3)
51 creatures vanquished.

Notes
Turn   | Place    | Note
-------+----------+-------------------------------------------
     0 | D:1      | tizbic2 the Ogre Berserker began the quest for the Orb.
     0 | D:1      | Reached XP level 1. HP: 24/24 MP: 1/1
   217 | D:1      | Reached XP level 2. HP: 28/32 MP: 2/2
  1073 | D:2      | Reached XP level 3. HP: 36/40 MP: 3/3
  1149 | D:2      | Reached skill level 1 in Throwing
  1332 | D:2      | Reached XP level 4. HP: 15/49 MP: 4/4
  1624 | D:2      | Reached ** piety under Trog
  2104 | D:3      | Noticed Natasha
  2111 | D:3      | Killed Natasha
  2112 | D:3      | Reached XP level 5. HP: 55/55 MP: 5/5
  2196 | D:3      | Noticed Natasha
  2201 | D:3      | Reached skill level 5 in Fighting
  2207 | D:3      | Killed Natasha
  2242 | D:3      | You fall into a shaft and drop 2 floors!
  2242 | D:5      | Entered Level 5 of the Dungeon
  2288 | D:5      | Noticed a centaur
  2307 | D:5      | Slain by a sleepcap

Illustrated notes

Levels and vault maps discovered:
D:1:      sevenhm_arrival_forest_fort_small_3, layout_basic,
          minmay_misc_feat_roman, minmay_misc_feat_pillars
D:2:      layout_rooms, serial_corexii_hall, corexii_hall_statues_s,
          corexii_hall_statues_l, corexii_hall_statues_x,
          chequers_hall_statues_wall_a, corexii_hall_statues_x,
          chequers_hall_statues_corner_a
D:3:      layout_rooms, serial_undead, serial_undead_a, serial_undead_d,
          serial_undead_b, serial_undead_f, serial_undead_f, serial_undead_e,
          uniq_natasha
D:5:      layout_gridville, mainiacjoe_overflow_concentric_impassable,
          trog_three_pillars_becter, temple_hall, serial_shops,
          nicolae_shop_stone, minmay_misc_feat_rugged, st_stairs_9

Skill      XL: |  1  2  3  4  5 |
---------------+----------------+-----
Maces & Flails | 3 |  3.9
Dodging        | 3 |  3.4
Throwing       | 1 2 |  2.6
Fighting       | 5 |  5.0

Action                     |  1- 3 |  4- 6 || total
---------------------------+-------+-------++-------
  Melee: Mace              |    60 |    28 ||    88
         Punch             |     1 |     1 ||     2
         Whip              |       |    70 ||    70
  Throw: Stone             |     3 |       ||     3
 Invoke: Trog's Hand       |       |     1 ||     1
    Use: Scroll            |     5 |     2 ||     7
         Potion            |       |     1 ||     1
 Armour: Animal skin       |    18 |    23 ||    41
  Dodge: Dodged            |    29 |    76 ||   105
